 Dungeon Crawl Stone Soup version 0.27-a0-789-g6bb3289e1e (webtiles) character file.

Game seed: 6743003289388589659

34 robertstho the Shooter (level 3, 0/30 HPs)
             Began as a Minotaur Hunter on Mar 26, 2021.
             Slain by a hobgoblin (4 damage)
             ... on level 2 of the Dungeon.
             The game lasted 00:01:24 (790 turns).

robertstho the Shooter (Minotaur Hunter)             Turns: 790, Time: 00:01:25

Health: 0/30       AC:  6    Str: 17    XL:     3   Next: 14%
Magic:  2/2        EV: 10    Int:  8    God:
Gold:   36         SH:  0    Dex: 10    Spells: 2/2 levels left

rFire    . . .     SeeInvis .   a - +1 shortbow
rCold    . . .     Faith    .   (shield currently unavailable)
rNeg     . . .     Spirit   .   f - +0 scale mail
rPois    .         Reflect  .   (helmet restricted)
rElec    .         Harm     .   (no cloak)
rCorr    .         Rampage  .   (no gloves)
Will     .....                  (no boots)
Stlth    ..........             (no amulet)
HPRegen  0.10/turn              (no ring)
MPRegen  0.08/turn              (no ring)

@: lethally poisoned (0 -> -9)
A: horns 2, retaliatory headbutt
a: no special abilities


You were on level 2 of the Dungeon.
You visited 1 branch of the dungeon, and saw 2 of its levels.

You collected 36 gold pieces.

Inventory:

Hand Weapons
 a - a +1 shortbow (weapon)
 b - a +0 short sword
Missiles
 d - 19 arrows (quivered ammo)
Armour
 c - a +0 leather armour
 f - a +0 scale mail (worn)


   Skills:
 * Level 2.6 Fighting
 * Level 5.3 Bows
 * Level 1.0 Armour
 + Level 2.2 Dodging
 - Level 0.7 Stealth


You had 2 spell levels left.
You didn't know any spells.
Your spell library was empty.

Dungeon Overview and Level Annotations

Branches:
Dungeon (2/15)

Altars:

Annotations:
D:2 Sigmund


Innate Abilities, Weirdness & Mutations

You have a pair of horns on your head.
You reflexively headbutt those who attack you in melee.


Message History

Press: ? - help, Q - select action Shift-Dir - straight line, f - adder
Aim: an adder (heavily wounded, 42% to hit)
You shoot an arrow. The arrow misses the adder.
The adder bites you but does no damage. The adder bites you.
You are poisoned.
The adder poisons you!
Fire: 23 arrows
Press: ? - help, Q - select action Shift-Dir - straight line, f/p - adder
Aim: an adder (heavily wounded, 42% to hit)
You shoot an arrow. The arrow misses the adder.
* * * LOW HITPOINT WARNING * * *
You feel very sick.
Sigmund appears from thin air!
Reactivating autopickup.
The adder completely misses you.
Fire: 22 arrows
Press: ? - help, Q - select action Shift-Dir - straight line, f/p - adder
Aim: an adder (heavily wounded, 42% to hit)
You shoot an arrow. The arrow hits the adder!
You kill the adder!
You feel sick.
You have reached level 3!
Your experience leads to an increase in your attributes!
Increase (S)trength, (I)ntelligence, or (D)exterity?
You feel stronger.
Fire: 21 arrows
Press: ? - help, Q - select action Shift-Dir - straight line, f - hobgoblin
Aim: a hobgoblin (lightly wounded, 60% to hit)
You shoot an arrow.
The arrow hits the hobgoblin but does no damage.
The hobgoblin is lightly wounded.
You feel sick.
The hobgoblin hits you but does no damage.
Fire: 20 arrows
Press: ? - help, Q - select action Shift-Dir - straight line, f/p - hobgoblin
Aim: a hobgoblin (lightly wounded, 60% to hit)
You shoot an arrow. The arrow hits the hobgoblin.
The hobgoblin is moderately wounded.
You feel sick. The hobgoblin hits you.
You die...

#......#........$
#......#.......##
#.....$..#####.#
#.###....# .. ..
#....## #.....##
#.....#..####
...#..###.@g.##
..........##@.#
..#######.##......#
# #..#.....##
##.#.....# .#.....#
...##### ###


You could see Sigmund and a hobgoblin.

Vanquished Creatures
  An adder (D:2)
  A dart slug (D:1)
  5 bats (D:1)
  4 endoplasms (D:1)
  6 jackals (D:1)
  A quokka (D:1)
  2 ball pythons (D:1)
  A frilled lizard (D:1)
  A rat (D:1)
22 creatures vanquished.

Notes
Turn   | Place    | Note
-------+----------+-------------------------------------------
     0 | D:1      | robertstho the Minotaur Hunter began the quest for the Orb.
     0 | D:1      | Reached XP level 1. HP: 18/18 MP: 0/0
    76 | D:1      | Reached XP level 2. HP: 24/25 MP: 1/1
   309 | D:1      | Reached skill level 5 in Bows
   328 | D:1      | Reached skill level 1 in Armour
   747 | D:2      | Noticed Sigmund
   789 | D:2      | Reached XP level 3. HP: 6/30 MP: 2/2
   790 | D:2      | Slain by a hobgoblin

Illustrated notes

Levels and vault maps discovered:
D:1:      matt_arrival_los_fun, layout_basic
D:2:      layout_rooms, uniq_sigmund, uniq_terence

Skill      XL: |  1  2 |
---------------+-------+-----
Bows           | 5 |  5.3
Armour         | 1 |  1.0
Fighting       | |  2.6
Dodging        | |  2.2
Stealth        | |  0.7

Action                   || total
-------------------------++-------
 Fire: Shortbow          ||    55
  Use: Scroll            ||     1
       Potion            ||     1
Armor: Leather armour    ||     2
       Scale mail        ||     7
Dodge: Dodged            ||    13

Table legend: (Time is in decaauts)
 A = Elapsed time spent in this place.
 B = Non-inter-level travel time spent in this place.
 C = Inter-level travel time spent in this place.
 D = Time resting spent in this place.
 E = Time spent auto-exploring this place.
 F = Levels seen in this place.
 G = Mean time per level.
                   A        B        C        D        E       F      G
               +--------+--------+--------+--------+--------+-----+--------+
         Total |    792 |    756 |     36 |      0 |    620 |   2 |  396.0 |
       Dungeon |    792 |    756 |     36 |      0 |    620 |   2 |  396.0 |
               +--------+--------+--------+--------+--------+-----+--------+

Top non-repeatable levels by time:
     D:1: 748 daAuts
     D:2: 44 daAuts
